Map: Orbital Shipyard

Players

SolO - Winner!

  • Race: Zerg Zerg

Paran0id

  • Race: Zerg Zerg

Event: LycanGTV LotV Beta Tournament 1

VOD

Have the link to the VOD?

Description

Time

  • Played on: April 2, 2015, 1:16 p.m.
  • Length: 7:45

All games in this series

Show
View Real Time Build Order
Export as new Build Order

SolO Zerg - Winner!

Build Orders: Hatch First 

Get SALT Encoding   

  12  0:01  Drone  
  13  0:13  Overlord  
  13  0:19  Drone  
  14  0:31  Drone x2  
  16  0:36  Drone  
  17  0:47  Drone  
  18  0:55  Hatchery  
  17  0:58  Drone  
  18  1:07  Drone  
  19  1:14  Extractor  
  19  1:15  Spawning Pool  
  17  1:19  Drone  
  18  1:28  Drone  
  19  1:40  Overlord  
  19  1:51  Drone  
  20  2:02  Drone  
  20  2:05  Queen  
  20  2:07  Queen  
  20  2:08  Zergling x2  
  26  2:11  Drone  
  26  2:13  Metabolic Boost  
  27  2:19  Drone  
  28  2:23  Drone  
  29  2:31  Drone  
  29  2:35  Baneling Nest, Drone  
  30  2:43  Drone  
  31  2:47  Hatchery  
  31  2:49  Drone  
  32  2:51  Drone  
  32  2:55  Drone  
  33  3:02  Overlord  
  33  3:07  Zergling x2  
  34  3:13  Zergling x4  
  34  3:14  Overlord  
  36  3:20  Zergling x2  
  36  3:21  Zergling x8  
  36  3:22  Zergling x2  
  36  3:26  Zergling x2  
  43  3:29  Baneling x2  
  43  3:31  Zergling x2  
  44  3:36  Zergling x2  
  45  3:41  Zergling x2  
  45  3:43  Evolution Chamber  
  43  4:03  Drone  
  43  4:04  Drone x8  
  49  4:13  Roach Warren  
  45  4:21  Zergling x14  
  47  4:30  Drone x2  
  48  4:32  Drone x3  
  48  4:33  Extractor  
  48  4:34  Zergling x2  
  48  4:35  Zergling x2  
  52  4:40  Baneling x2  
  52  4:41  Baneling x2  
  52  4:46  Zerg Missile Weapons Level 1  
  52  4:47  Lair  
  52  4:49  Drone x2  
  52  4:50  Drone  
  52  4:51  Drone  
  52  4:52  Extractor  
  52  5:07  Zergling x2  
  52  5:08  Zergling x10  
  52  5:11  Overlord x3  
  55  5:21  Baneling x3  
  53  5:30  Baneling  
  51  5:47  Glial Reconstitution  
  51  5:49  Roach x6  
  62  5:50  Zergling x4  
  62  5:51  Zergling x18  
  62  5:56  Queen  
  75  5:59  Overseer  
  75  6:01  Baneling x2  
  75  6:05  Roach, Zergling x4  
  79  6:12  Roach  
  80  6:19  Overlord x2  
  76  6:38  Roach  
  76  6:39  Roach x8  
  82  6:41  Roach  
  82  6:49  Roach x2  
  86  6:55  Roach x3  
  92  7:07  Hatchery  
  91  7:17  Overlord  
  91  7:20  Baneling  
  91  7:24  Overlord  
Show
View Real Time Build Order
Export as new Build Order

Paran0id Zerg 

Build Orders: Hatch First, Zergling Baneling 

Get SALT Encoding   

  12  0:01  Drone  
  13  0:13  Overlord  
  13  0:20  Drone  
  14  0:33  Drone x2  
  16  0:36  Drone  
  17  0:47  Drone  
  18  0:58  Hatchery  
  17  1:09  Spawning Pool  
  16  1:11  Extractor  
  16  1:12  Drone  
  16  1:16  Drone  
  17  1:20  Drone  
  18  1:30  Overlord  
  18  1:46  Drone  
  19  1:50  Drone  
  20  1:55  Queen  
  20  2:01  Overlord  
  22  2:10  Zergling x2, Queen  
  22  2:12  Metabolic Boost  
  25  2:16  Drone  
  25  2:21  Drone  
  25  2:22  Drone  
  28  2:31  Drone  
  28  2:33  Drone  
  30  2:43  Drone  
  31  2:45  Drone  
  32  2:52  Hatchery  
  32  2:57  Drone  
  32  2:58  Baneling Nest  
  31  3:01  Drone  
  32  3:07  Drone x2  
  32  3:10  Drone x3  
  37  3:19  Queen  
  39  3:22  Overlord  
  39  3:28  Zergling x6  
  39  3:29  Zergling x2  
  39  3:31  Zergling x2  
  44  3:35  Overlord  
  44  3:43  Zergling x2  
  44  3:44  Zergling x2  
  46  3:49  Baneling x3  
  46  3:50  Baneling x4  
  46  3:53  Zergling x2  
  46  3:57  Zergling x2  
  46  4:01  Zergling x2  
  46  4:02  Zergling x6  
  47  4:12  Queen  
  47  4:13  Zergling x2  
  47  4:19  Zergling x16  
  53  4:27  Zergling x2  
  53  4:29  Zergling x2  
  53  4:30  Zergling x2  
  56  4:37  Roach Warren  
  55  4:40  Zergling x6  
  58  4:46  Baneling x7  
  56  5:06  Overlord  
  44  5:31  Roach x5  
  54  5:38  Roach  
  54  5:39  Zergling x2  
  50  5:50  Roach, Zergling x28  
  50  5:51  Zergling x2  
  67  6:05  Drone  
  67  6:06  Drone x2  
  67  6:08  Drone, Extractor  
  67  6:09  Extractor  
  68  6:18  Drone  
  68  6:19  Drone x3  
  68  6:23  Drone  
  68  6:24  Overlord  
  68  6:25  Overlord  
  73  6:29  Baneling  
  69  6:38  Roach x4  
  65  6:41  Roach  
  61  6:48  Drone x3  
  64  6:54  Drone  
  64  6:55  Drone x2  
  64  6:56  Drone x5  
  64  6:57  Spore Crawler  
  64  6:58  Drone x3  
  74  7:08  Drone  
  74  7:09  Evolution Chamber, Drone x4  
  74  7:11  Drone x3  
  81  7:21  Evolution Chamber  
  80  7:24  Drone  
  80  7:25  Drone  
  80  7:26  Drone  
  80  7:27  Drone x3, Extractor  
  82  7:42  Extractor  
  82  7:43  Extractor  

Tags
 
Add a new tag
Caveats
  • Supply blocks, unpowered buildings, or Contaminate may cause inaccurate times.
  • Supply counts are checked every 10 seconds.